Unix NetHack Version 5.0.0-0 post-release - last build May 10 2026 23:12:36 (d1fa5d53e341ca933230fdaa984d921c805b60aa,branch:main).

Game began 2026-05-16 12:22:37, ended 2026-05-16 12:31:50.

GdeVolpiano, lawful female human Archeologist

                                        -------------
                                        |...........|
                                        |...........|
                                        |............#
                                        |........)..|#
                                        -------.-----#
                                          #@#####   ###
                                          #B#        #                -
                                                    ###       ........|
                                                    ##         --   ---
                                                     #
                                                     #
                                                   ###
                                                  ####
                                                   #-.------
                                                   #.....<.|
                                                    |......|
                                                    |.......
                                                    --------

GdeVolpiano the Field Worker  St:11 Dx:10 Co:15 In:18 Wi:12 Ch:9  Lawful
Dlvl:3  $:100 HP:0(26) Pw:10(10) AC:6  Xp:3 T:1308 

Latest messages:
 You climb up the stairs.
 You swap places with Indy.
 $ - 4 gold pieces (93 in total).
 There's some graffiti on the floor here.
 You read: "X <- - ?ou are herc."
 Where do you want to travel to?
 (For instructions type a '?')
 You descend the stairs.
 Indy bites the newt.
 Indy bites the newt.
 The newt is killed!
 You see here a newt corpse.
 There is a newt corpse here; eat it? [ynq] (n)
 This newt corpse is gamey.
 You finish eating the newt corpse.
 You feel a mild buzz.
 $ - 7 gold pieces (100 in total).
 You see here a bow.
 In what direction?
 Never mind.
 The giant bat bites!
 The giant bat bites!
 You miss the giant bat.
 Indy misses the giant bat.
 The giant bat bites!
 The giant bat bites!
 You hit the giant bat!
 Indy misses the giant bat.
 The giant bat bites!
 Indy misses the giant bat.
 The giant bat bites!
 You miss the giant bat.
 Indy bites the giant bat.
 The giant bat bites Indy.
 Indy is killed!
 The giant bat bites!
 The giant bat bites!
 #
 What do you want to drink? [jks or ?*]
 You feel better.
 The giant bat bites!
 The giant bat bites!
 You hit the giant bat.
 The giant bat bites!
 The giant bat bites!
 You miss the giant bat.
 The giant bat bites!
 The giant bat bites!
 You die...
 Do you want your possessions identified? [ynq] (y)

Inventory:
 Coins    ('$')
  $ - 100 gold pieces
 Armor    ('[')
  c - an uncursed +0 fedora (being worn)
  b - an uncursed +0 leather jacket
  p - an uncursed +0 scale mail (being worn)
 Comestibles  ('%')
  o - an uncursed apple
  d - 6 uncursed food rations
  n - 3 uncursed lichen corpses
 Scrolls  ('?')
  m - an uncursed scroll of create monster
  t - an uncursed scroll of enchant weapon
 Potions  ('!')
  j - an uncursed potion of healing
  k - a cursed potion of healing
  s - an uncursed potion of invisibility
 Rings    ('=')
  l - a cursed -1 ring of increase accuracy
 Tools    ('(')
  h - an empty uncursed sack
  i - a magic marker (0:20)
  e - a +0 pick-axe (weapon in right hand)
 Gems/Stones  ('*')
  g - an uncursed touchstone

GdeVolpiano the Archeologist's attributes:

Background:
 You were a Field Worker, a level 3 female human Archeologist.
 You were lawful, nominally on a mission for Quetzalcoatl
 who was opposed by Camaxtli (neutral) and Huhetotl (chaotic).
 You were right-handed.
 You were in the Dungeons of Doom, on level 3.
 You entered the dungeon 1308 turns ago.
 There was a new moon in effect when your adventure ended.
 You had 67 experience points, 13 more were needed to attain level 4.

Basics:
 You had 0 out of 26 hit points.
 You had all 10 energy points (spell power).
 Your armor class was 6.
 Your wallet contained 100 zorkmids.
 Autopickup was on for '$?!/="+' plus thrown, with exceptions.

Final Characteristics:
 Your strength was 11 (limit:18/100).
 Your dexterity was 10 (limit:18).
 Your constitution was 15 (limit:18).
 Your intelligence was 18 (limit:18).
 Your wisdom was 12 (limit:18).
 Your charisma was 9 (limit:18).

Final Status:
 You weren't hungry.
 You were unencumbered.
 You were wielding a pick-axe.
 You had basic skill with pick-axe.

Final Attributes:
 You were devoutly aligned.
 You had automatic searching.
 You were warded.
 You were lucky.
 You are dead.

Miscellaneous:
 You didn't encounter any bones levels.
 Total elapsed playing time was 9 minutes and 11 seconds.

Major events:
 Turn
    1: GdeVolpiano the lawful female human Archeologist entered the dungeon
  491: attained the rank of Field Worker (level 3)
 1308: killed by a giant bat

You didn't know any spells.

Skills:
 Fighting Skills
   bare handed combat [Unskilled]
   two weapon combat  [Unskilled]
   riding             [Unskilled]
 Weapon Skills
   dagger             [Unskilled]
   knife              [Unskilled]
   pick-axe           [Basic]
   short sword        [Unskilled]
   saber              [Unskilled]
   club               [Unskilled]
   quarterstaff       [Unskilled]
   sling              [Unskilled]
   dart               [Unskilled]
   boomerang          [Unskilled]
   whip               [Basic]
   unicorn horn       [Unskilled]
 Spellcasting Skills
   attack spells      [Unskilled]
   healing spells     [Unskilled]
   divination spells  [Unskilled]
   matter spells      [Unskilled]

Voluntary challenges:
 Character rerolling was not enabled.
 You were an atheist.
 You never genocided any monsters.
 You never polymorphed an object.
 You never changed form.
 You used no wishes.
Achievement:
 You attained the rank of Field Worker.

 The Dungeons of Doom: levels 1 to 3
    Level 1:
    Level 2:
       A fountain.
    Level 3: <- You were here.
       Final resting place for
          you, killed by a giant bat.


Vanquished creatures:
  a little dog
  a gnome zombie
  a jackal
  a fox
  2 kobolds
  4 goblins
  6 grid bugs
  4 lichens
  a kobold zombie
  5 newts
26 creatures vanquished.

No species were genocided or became extinct.

Game over:
                       ----------
                      /          \
                     /    REST    \
                    /      IN      \
                   /     PEACE      \
                  /                  \
                  |   GdeVolpiano    |
                  |      100 Au      |
                  |   killed by a    |
                  |    giant bat     |
                  |                  |
                  |                  |
                  |       2026       |
                 *|     *  *  *      | *
        _________)/\\_//(\/(/\)/\//\/|_)_______

Goodbye GdeVolpiano the Archeologist...

You died in The Dungeons of Doom on dungeon level 3 with 468 points,
and 100 pieces of gold, after 1308 moves.
You were level 3 with a maximum of 26 hit points when you died.

